 Dungeon Crawl Stone Soup version 0.24-a0-102-g7635c99 (console) character file.

Game seed: 4352560832999780751

170 Duffy the Firebug (level 5, -1/31 HPs)
             Began as an Octopode Fire Elementalist on Feb 12, 2019.
             Slain by an orc priest
             ... wielding a +0 morningstar
              (14 damage)
             ... on level 3 of the Dungeon.
             The game lasted 00:02:45 (2621 turns).

Duffy the Firebug (Octopode Fire Elementalist)      Turns: 2621, Time: 00:02:46

Health: -1/31      AC:  1    Str:  8    XL:     5   Next: 50%
Magic:  6/8        EV: 13    Int: 18    God:
Gold:   121        SH:  0    Dex: 12    Spells: 1/9 levels left

rFire    . . .     SeeInvis .   a - +0 dagger (venom)
rCold    . . .     Gourm    .   (no shield)
rNeg     . . .     Faith    .   (helmet restricted)
rPois    .         Spirit   .   h - amulet of harm
rElec    .         Reflect  .   (no ring)
rCorr    .         Harm     +   (no ring)
MR       .....                  (no ring)
Stlth    +++.......             (no ring)
HPRegen  0.10/turn              (no ring)
MPRegen  0.11/turn              (no ring)
                                (no ring)
                                (no ring)

@: no status effects
A: almost no armour, stealthy swim, amphibious, 8 rings, constrict 8, camouflage
1, gelatinous body 1
a: no special abilities


You were on level 3 of the Dungeon.
You were hungry.

You visited 1 branch of the dungeon, and saw 3 of its levels.

You collected 121 gold pieces.

Inventory:

Hand Weapons
 a - a +0 dagger of venom (weapon)
Jewellery
 h - an amulet of harm (around mantle)
Scrolls
 c - a scroll of amnesia {unknown}
 e - 2 scrolls of remove curse {unknown}
 f - a scroll of identify {unknown}
 k - 4 scrolls of teleportation {unknown}
 l - a scroll of enchant weapon {unknown}
 m - a scroll of enchant armour {unknown}
Potions
 g - 2 potions of haste {unknown}
 i - a potion of mutation {unknown}
 j - 2 potions of curing {unknown}
 n - a potion of brilliance {unknown}
Comestibles
 b - 8 rations


   Skills:
 - Level 2.0 Dodging
 - Level 2.6 Stealth
 - Level 2.5 Spellcasting
 + Level 4.0 Conjurations
 + Level 4.0 Fire Magic


You had one spell level left.
You knew the following spells:

 Your Spells              Type           Power        Failure   Level  Hunger
h - Flame Tongue          Conj/Fire      ###..        3%          1    #......
j - Sticky Flame          Conj/Fire      ###.....     32%         4    #####..
l - Conjure Flame         Conj/Fire      ###.....     10%         3    ###....

Your spell library contained the following spells:

 Spells                   Type           Power        Failure   Level  Hunger
 Throw Flame              Conj/Fire      ###...       4%          2    ##.....
 Inner Flame              Hex/Fire       #.......     22%         3    ###....
 Fireball                 Conj/Fire      ###.......   65%         5    ######.


Dungeon Overview and Level Annotations

Branches:
Dungeon (3/15)

Altars:


Innate Abilities, Weirdness & Mutations

You cannot wear most types of armour.
You are very stealthy in the water. (Stealth+)
You are amphibious.
You can wear up to eight rings at the same time.
You can use your tentacles to constrict eight enemies at once.
Your skin changes colour to match your surroundings (Stealth+).
Your rubbery body absorbs attacks. (AC +1, EV +1)


Message History

There is a stone staircase leading down, spattered with blood here.
All of the chunks of flesh in your inventory have rotted away.
You are feeling hungry.
There is a stone staircase leading down, spattered with blood here.
You climb downwards.
You hear the sound of rushing water.
There is an entrance to a sewer on this level.
Hurry and find it before the portal rusts away!
You hear the slow rusting of a very distant drain.
There is a stone staircase leading up here.
Things that are here:
a +0 short sword; an orc corpse Cast which spell? (? or * to list)
Aiming: Flame Tongue (safe; 3% risk of failure)
Press: ? - help, Shift-Dir - straight line, f - orc priest
Aim: an orc priest, wielding a +0 morningstar The flame tongue hits the orc priest!
The orc priest is severely wounded.
The orc priest begins to cast a cantrip, but forgets the words!
The orc priest hits you with a +0 morningstar!
You die...

###########
.....#....##
...........+
#.#.<#.#
#########.#)[#.##..
..........@.........
#........o..#.#.###
#.....%.....#.#
#...........# #
####'#...#..# ..
#.#.#..# . #.#.#..#
#.#.#..# #.#....#


You could see an orc priest.

Vanquished Creatures
  Jessica (D:2)
  A bullfrog skeleton (D:2)
  4 adders (D:2)
  A gnoll (D:1)
  An ooze (D:2)
  A dart slug (D:2)
  4 leopard geckos
  4 orcs
  5 bats
  5 goblins
  4 hobgoblins
  11 jackals
  A ball python (D:1)
  6 frilled lizards
  4 kobolds
  9 rats
62 creatures vanquished.

Notes
Turn   | Place    | Note
-------+----------+-------------------------------------------
     0 | D:1      | Duffy the Octopode Fire Elementalist began the quest for
                  | the Orb.
     0 | D:1      | Reached XP level 1. HP: 11/11 MP: 3/3
   148 | D:1      | Reached XP level 2. HP: 17/17 MP: 3/5
   670 | D:1      | Reached XP level 3. HP: 21/21 MP: 6/6
   675 | D:1      | Learned a level 3 spell: Conjure Flame
  1187 | D:2      | Reached XP level 4. HP: 14/27 MP: 3/7
  2013 | D:2      | Learned a level 4 spell: Sticky Flame
  2068 | D:2      | Noticed Jessica
  2070 | D:2      | Killed Jessica
  2070 | D:2      | Reached XP level 5. HP: 31/31 MP: 6/8
  2621 | D:3      | Slain by an orc priest

Levels and vault maps discovered:
D:1:      shiori_shiawase, layout_loops_ring
D:2:      layout_loops_corners, first_ration, small_statue_intersection,
          uniq_jessica
D:3:      layout_basic, grunt_temple_overflow_growth_and_decay,
          overflow_temple_1_default, portal_sewer_entry_e, kennysheep_potato

Skill      XL: |  1  2  3  4  5 |
---------------+----------------+-----
Conjurations   | 2 3 4 |  4.0
Fire Magic     | 4 |  4.0
Dodging        | |  2.0
Stealth        | |  2.6
Spellcasting   | |  2.5

Action                   |  1- 3 |  4- 6 || total
-------------------------+-------+-------++-------
Melee: Dagger            |    57 |    47 ||   104
       Constrict         |    15 |    15 ||    30
       Tentacles         |    13 |     3 ||    16
 Cast: Flame Tongue      |     5 |    22 ||    27
       Conjure Flame     |       |     1 ||     1
 Stab: Sleeping          |     9 |     5 ||    14
  Eat: Chunk             |     1 |     4 ||     5
Armor: Skin              |     3 |     5 ||     8
Dodge: Dodged            |    45 |    40 ||    85

Table legend:
 A = Non-vault XP
 B = Vault XP
 C = Vault XP percentage of total XP
 D = Non-vault monster count
 E = Vault monster count
 F = Vault count percentage of total count
                 A         B        C        D         E       F
            +---------+---------+-------+---------+---------+-------
      Total |     206 |      37 |  15.2 |      61 |       1 |   1.6
            +---------+---------+-------+---------+---------+-------
        D:1 |      54 |       0 |   0.0 |      25 |       0 |   0.0
        D:2 |     142 |      37 |  20.7 |      30 |       1 |   3.2
        D:3 |      10 |       0 |   0.0 |       6 |       0 |   0.0
            +---------+---------+-------+---------+---------+-------
